 Dungeon Crawl Stone Soup version 0.31.0-11-ge490571c62 (webtiles) character file.

Game seed: 6752997788922853264

42 Aviak the Apothecary (level 3, 0/24 HPs)
             Began as a Formicid Alchemist on Feb 3, 2024.
             Slain by a ribbon worm (7 damage)
             ... on level 2 of the Dungeon.
             The game lasted 00:02:18 (1194 turns).

Aviak the Apothecary (Formicid Alchemist)           Turns: 1194, Time: 00:02:18

Health: 0/24       AC:  5    Str: 14    XL:     3   Next: 77%
Magic:  4/7        EV: 11    Int: 14    God:
Gold:   84         SH:  0    Dex: 20    Spells: 5/8 levels left

rFire   . . .        m - +0 hand axe
rCold   . . .        (no shield)
rNeg    . . .        f - +0 ring mail
rPois   .            (helmet unavailable)
rElec   .            (no cloak)
rCorr   .            (no gloves)
SInv    +            (no boots)
Will    .....        (no amulet)
Stlth   ++           g - +6 ring of dexterity
HPRegen 0.24/turn    (no ring)
MPRegen 0.10/turn

%: no passive effects
@: very slightly contaminated
A: permanent stasis, dig shafts and tunnels, antennae 3, four strong arms
a: Dig, Shaft Self


You were on level 2 of the Dungeon.
You visited 1 branch of the dungeon, and saw 2 of its levels.

You collected 84 gold pieces.

Inventory:

Hand Weapons
 d - a +0 dagger
 m - a +0 hand axe (weapon)
Armour
 a - a +0 robe
 f - a +0 ring mail (worn)
Jewellery
 g - a +6 ring of dexterity (left hand)
 k - an amulet of the acrobat
Scrolls
 h - a scroll of enchant weapon {unknown}
 l - a scroll of enchant armour {unknown}
 n - a scroll of revelation {unknown}
Potions
 b - a potion of magic
 c - a potion of lignification {unknown}
 e - a potion of mutation {unknown}
 i - a potion of curing {unknown}
 j - a potion of enlightenment {unknown}


   Skills:
 + Level 0.0 Fighting
 + Level 0.0 Axes
 + Level 0.0 Armour
 - Level 2.0 Dodging
 - Level 2.4 Stealth
 - Level 3.0 Spellcasting
 - Level 1.0 Conjurations
 + Level 5.0 Alchemy


You had 5 spell levels left.
You knew the following spells:

 Your Spells              Type           Power      Damage    Failure   Level
a - Sting                 Conj/Alch      40%        1d5       13%         1
b - Mercury Vapours       Alch/Air       18%        N/A       24%         2

Your spell library contained the following spells:

 Spells                   Type           Power      Damage    Failure   Level
 Summon Small Mammal      Summ           8%         N/A       41%         1
 Mephitic Cloud           Conj/Alch/Air  7%         N/A       50%         3
 Olgreb's Toxic Radiance  Alch           16%        N/A       50%         4
 Call Canine Familiar     Summ           2%         N/A       78%         3
 Sticky Flame             Fire/Alch      9%         2d5       83%         4
 Summon Blazeheart Golem  Fire/Summ      2%         N/A       99%         4
 Freezing Cloud           Conj/Ice/Air   1%         6-21      100%        5


Dungeon Overview and Level Annotations

Branches:
Dungeon (2/15)

Altars:


Innate Abilities, Weirdness & Mutations

You cannot be hasted, slowed, berserked, paralysed or teleported.
You can dig through walls and to a lower floor.
You have a pair of large antennae on your head. (SInv)
Your four strong arms can wield two-handed weapons with a shield.


Message History

Confirm with . or Enter, or press ? or * to list all spells.
Aiming: Sting (safe; 13% risk of failure)
Press: ? - help, Shift-Dir - straight line, f/p - ribbon worm
Aim: a ribbon worm (moderately wounded, poisoned, 90% to hit)
The sting hits the ribbon worm.
The ribbon worm looks even sicker.
The ribbon worm is moderately wounded.
The ribbon worm expels a string of sticky webbing.
The stream of webbing hits you but does no damage.
You are caught in a web!
You struggle to detach yourself from the web.
The ribbon worm bites you.
The web tears apart.
Casting: Sting (safe; 13% risk of failure)
Confirm with . or Enter, or press ? or * to list all spells.
Okay, then.
Casting: Mercury Vapours (quite dangerous; 24% risk of failure)
Confirm with . or Enter, or press ? or * to list all spells.
Aiming: Mercury Vapours (quite dangerous; 24% risk of failure)
Press: ? - help, Dir - move target, f/p - ribbon worm
Aim: a ribbon worm (moderately wounded, very poisoned, catching its breath, chance to weaken: 80%)
You miscast Mercury Vapours.
You are very lightly contaminated with residual magic.
Nothing appears to happen.
The ribbon worm closely misses you.
You hit the ribbon worm.
The ribbon worm is moderately wounded.
The ribbon worm expels a string of sticky webbing.
The stream of webbing hits you but does no damage.
You are caught in a web!
The web tears apart.
The ribbon worm bites you.
* * * LOW HITPOINT WARNING * * *
The ribbon worm attacks as it pursues you!
The ribbon worm closely misses you.
The ribbon worm looks more healthy.
You hit the ribbon worm but do no damage.
The ribbon worm is moderately wounded.
The ribbon worm bites you but does no damage.
You barely miss the ribbon worm.
The ribbon worm is moderately wounded.
The ribbon worm bites you!
You die...

.#####.. {....... ##
...... .###### ###...>.
.#######.......##.......
....................†.#
....$...# ###...#
#######w#### #.....#
#@...## ##.##..#
####..####..##....
##...##.###.##.
###.....##.# .
##..#....# # ##†##..###
# ##...#...## #
#..)......##
#...........##


You could see a ribbon worm.

Vanquished Creatures
  2 ball pythons
  2 endoplasms (D:1)
  3 giant cockroaches
  7 goblins
  4 hobgoblins
  6 jackals (D:1)
  3 kobolds (D:1)
  2 bats (D:1)
  2 frilled lizards (D:1)
  5 rats
36 creatures vanquished.

Notes
Turn   | Place    | Note
-------+----------+-------------------------------------------
     0 | D:1      | Aviak the Formicid Alchemist began the quest for the Orb.
     0 | D:1      | Reached XP level 1. HP: 13/13 MP: 3/3
    33 | D:1      | Reached skill level 1 in Conjurations
   118 | D:1      | Reached XP level 2. HP: 11/19 MP: 1/5
   394 | D:1      | Reached XP level 3. HP: 23/24 MP: 1/7
   555 | D:1      | Learned a level 2 spell: Mercury Vapours
  1057 | D:2      | Reached skill level 5 in Alchemy
  1194 | D:2      | Slain by a ribbon worm

Illustrated notes

Levels and vault maps discovered:
D:1:      minmay_arrival_stair_chambers, layout_basic,
          minmay_misc_feat_nine_boxes, minmay_unequal
D:2:      layout_rooms, corner_web_ring, minmay_crystal_water

Skill      XL: |  1  2  3 |
---------------+----------+-----
Conjurations   | 1 |  1.0
Dodging        | 2 |  2.0
Spellcasting   | 3 |  3.0
Alchemy        | 5 |  5.0
Stealth        | |  2.4

Action                     || total
---------------------------++-------
  Melee: Unarmed           ||    21
         Dagger            ||    13
         Hand axe          ||    12
   Cast: Sting             ||    56
 Armour: Robe              ||    25
         Ring mail         ||    11
  Dodge: Dodged            ||    48
